 Dungeon Crawl Stone Soup version 0.24.1-11-gbbbb2193e6 (webtiles) character file.

Game seed: 13923766977840183552, levelgen mode: deterministic

134 Curus the Poker (level 4, -3/37 HPs)
             Began as a Minotaur Gladiator on May 10, 2020.
             Was an Initiate of Okawaru.
             Succumbed to Ijyb's poison gas
             ... on level 3 of the Dungeon.
             The game lasted 00:10:06 (1376 turns).

Curus the Poker (Minotaur Gladiator)                Turns: 1376, Time: 00:10:06

Health: -3/37      AC:  4    Str: 24    XL:     4   Next: 95%
Magic:  3/3        EV: 12    Int:  6    God:    Okawaru [......]
Gold:   82         SH:  0    Dex: 11    Spells: 3/3 levels left

rFire    . . .     SeeInvis .   a - +1 trident
rCold    . . .     Gourm    .   (no shield)
rNeg     . . .     Faith    .   b - +0 leather armour
rPois    .         Spirit   .   c - +0 hat
rElec    .         Reflect  .   (no cloak)
rCorr    .         Harm     .   (no gloves)
MR       .....                  e - +0 pair of boots
Stlth    +.........             (no amulet)
HPRegen  0.12/turn              (no ring)
MPRegen  0.08/turn              (no ring)

@: mighty, lethally poisoned (-3 -> -96)
A: retaliatory headbutt, horns 2
a: Renounce Religion


You were on level 3 of the Dungeon.
You worshipped Okawaru.
Okawaru was noncommittal.
You were hungry.

You visited 1 branch of the dungeon, and saw 3 of its levels.

You collected 82 gold pieces.

Inventory:

Hand Weapons
 a - a +1 trident (weapon)
Missiles
 d - 3 throwing nets (quivered)
Armour
 b - a +0 leather armour (worn)
 c - a +0 hat (worn)
 e - a +0 pair of boots (worn)
Scrolls
 g - a scroll of identify
Comestibles
 f - 3 rations


   Skills:
 - Level 2.4 Fighting
 + Level 6.9 Polearms
 - Level 2.0 Throwing
 - Level 3.2 Dodging


You had 3 spell levels left.
You didn't know any spells.
Your spell library was empty.

Dungeon Overview and Level Annotations

Branches:
Dungeon (3/15)

Altars:
Cheibriados
Elyvilon
Gozag
Hepliaklqana
Kikubaaqudgha
Makhleb
Okawaru
Ru
Sif Muna
Trog
Wu Jian
Xom
Zin
The Shining One

Annotations:
D:3 Ijyb


Innate Abilities, Weirdness & Mutations

You reflexively headbutt those who attack you in melee.
You have a pair of horns on your head.


Message History

You hit Ijyb but do no damage.
Ijyb is moderately wounded.
You are engulfed in poison gas.
You are more poisoned.
You feel very sick. Ijyb barely misses you.
You barely miss Ijyb.
Ijyb is moderately wounded.
You are engulfed in poison gas.
You are more poisoned.
* * * LOW HITPOINT WARNING * * *
You feel very sick.
The ball python is engulfed in poison gas.
The ball python is poisoned.
The ball python dies!
Ijyb hits you but does no damage.
You feel very mighty all of a sudden.
You are engulfed in poison gas.
You are more poisoned.
* * * LOW HITPOINT WARNING * * *
You die...

≈≈≈≈≈≈.##.........###.##
≈≈≈..$#.+.........'.(...
≈≈≈≈≈#.#.........#...##
♣≈...#.........#.....
♣≈..§§..#######8.)8##
≈♣♣♣≈.#§##.# #_)..._#
≈≈≈≈≈.#§##.# ###..###
...≈≈.§§##.# #_...._#
≈≈≈≈≈≈g@##.# ###..###
≈♣♣♣≈≈####.# #_...._#
♣≈≈ .# ###..### ♣≈≈
#_...._# ≈≈ ###..### ≈.≈
#_...._# ##. ##____##
######


You could see Ijyb.

Vanquished Creatures
  A howler monkey (D:2)
  4 adders
  A worm (D:2)
  A dart slug (D:2)
  A ball python (D:2)
  6 bats
  6 giant cockroaches
  4 goblins
  12 hobgoblins
  7 kobolds
  A frilled lizard (D:1)
  9 rats
53 creatures vanquished.

Vanquished Creatures (others)
  A ball python (D:3)
1 creature vanquished.

Grand Total: 54 creatures vanquished

Notes
Turn   | Place    | Note
-------+----------+-------------------------------------------
     0 | D:1      | Curus the Minotaur Gladiator began the quest for the Orb.
     0 | D:1      | Reached XP level 1. HP: 18/18 MP: 0/0
   208 | D:1      | Reached skill level 4 in Polearms
   245 | D:1      | Reached XP level 2. HP: 25/25 MP: 1/1
   482 | D:1      | Reached skill level 5 in Polearms
   514 | D:1      | Reached XP level 3. HP: 30/30 MP: 2/2
   610 | D:2      | Found a faded altar of an unknown god.
   618 | D:2      | Reached skill level 6 in Polearms
   618 | D:2      | Reached XP level 4. HP: 23/37 MP: 3/3
  1320 | D:3      | Found a sacrificial altar of Ru.
  1322 | D:3      | Found a snail-covered altar of Cheibriados.
  1330 | D:3      | Found a glowing silver altar of Zin.
  1331 | D:3      | Found an ornate altar of the Wu Jian Council.
  1332 | D:3      | Found a burning altar of Makhleb.
  1332 | D:3      | Found a shimmering altar of Xom.
  1332 | D:3      | Found a white marble altar of Elyvilon.
  1332 | D:3      | Found a shimmering blue altar of Sif Muna.
  1332 | D:3      | Found a glowing golden altar of the Shining One.
  1333 | D:3      | Found a bloodstained altar of Trog.
  1334 | D:3      | Found an iron altar of Okawaru.
  1337 | D:3      | Found an opulent altar of Gozag.
  1338 | D:3      | Found a hazy altar of Hepliaklqana.
  1341 | D:3      | Became a worshipper of Warmaster Okawaru
  1343 | D:3      | Found an ancient bone altar of Kikubaaqudgha.
  1367 | D:3      | Noticed Ijyb
  1376 | D:3      | Succumbed to Ijyb's poison gas

Levels and vault maps discovered:
D:1:      minmay_arrival_three_doors, layout_basic
D:2:      layout_rooms, first_ration, chequers_ecumenical_altar_simple
D:3:      layout_basic, minitemple, minmay_misc_feat_chi, kennysheep_boxes,
          uniq_crazy_yiuf_cottage, uniq_ijyb, uniq_terence

Skill      XL: |  1  2  3 |
---------------+----------+-----
Polearms       | 4 5 6 |  6.9
Fighting       | |  2.4
Throwing       | |  2.0
Dodging        | |  3.2

Action                   |  1- 3 |  4- 6 || total
-------------------------+-------+-------++-------
Melee: Trident           |    68 |    45 ||   113
       Headbutt          |     7 |     4 ||    11
  Use: Scroll            |     2 |     3 ||     5
       Potion            |     1 |     1 ||     2
  Eat: Chunk             |       |     1 ||     1
Armor: Leather armour    |    15 |     4 ||    19
Dodge: Dodged            |    39 |    18 ||    57
